 Dungeon Crawl Stone Soup version 0.24.1-8-ga250c9d538 (webtiles) character file.

Game seed: 4311317492161201123, levelgen mode: deterministic

78 Peloso the Skirmisher (level 4, 35/35 HPs)
             Began as a Demonspawn Fighter on Apr 30, 2020.
             Was an Initiate of Okawaru.
             Got out of the dungeon alive.
             The game lasted 00:02:45 (1761 turns).

Peloso the Skirmisher (Demonspawn Fighter)          Turns: 1761, Time: 00:02:45

Health: 35/35      AC: 11    Str: 17    XL:     4   Next: 15%
Magic:  4/4        EV:  3    Int: 10    God:    Okawaru [......]
Gold:   78         SH:  9    Dex: 12    Spells: 3/3 levels left

rFire    . . .     SeeInvis .   a - +0 long sword
rCold    . . .     Gourm    .   c - +0 shield
rNeg     . . .     Faith    .   m - +0 plate armour
rPois    .         Spirit   .   (no helmet)
rElec    .         Reflect  .   (no cloak)
rCorr    .         Harm     .   (no gloves)
MR       .....                  (no boots)
Stlth    ..........             (no amulet)
HPRegen  0.11/turn              (no ring)
MPRegen  0.09/turn              (no ring)

@: no status effects
A: claws 1, hooves 1
a: Renounce Religion


You escaped.
You worshipped Okawaru.
Okawaru was noncommittal.
You were not hungry.

You visited 1 branch of the dungeon, and saw 3 of its levels.

You collected 78 gold pieces.

Inventory:

Hand Weapons
 a - a +0 long sword (weapon)
Armour
 b - a +0 scale mail
 c - a +0 shield (worn)
 m - a +0 plate armour (worn)
Jewellery
 h - a cursed amulet of inaccuracy {unknown}
Scrolls
 g - a scroll of teleportation {unknown}
 i - a scroll of immolation {unknown}
Potions
 d - a potion of might
 e - 2 potions of curing
 j - a potion of flight
 k - a potion of haste {unknown}
 l - a potion of degeneration {unknown}
Comestibles
 f - a ration


   Skills:
 + Level 3.4 Fighting
 + Level 2.4 Long Blades
 + Level 3.2 Armour
 + Level 0.5 Dodging
 + Level 0.1 Stealth
 + Level 3.2 Shields


You had 3 spell levels left.
You didn't know any spells.
Your spell library was empty.

Dungeon Overview and Level Annotations

Branches:
Dungeon (3/15)

Altars:
Makhleb
Nemelex Xobeh
Okawaru
Xom


Innate Abilities, Weirdness & Mutations

You have sharp fingernails.
You have large cloven feet.


Message History

Done exploring.
Done exploring.
(D) Dungeon
Where to? (Enter - D:12, ? - help)
You see here a cursed -2 whip.
There is a stone staircase leading down here.
You climb downwards.
There is a stone staircase leading up here.
Sorry, I don't know how to get there.
(D) Dungeon
Where to? (Enter - D:12, ? - help)
What level of the Dungeon? (default 1, ? - help)
You climb upwards.
There is a stone staircase leading down here.
There is a stone staircase leading up here.
You climb upwards.
There is a stone staircase leading down here.
There is a staircase leading out of the dungeon here.
Are you sure you want to leave the Dungeon?
This will make you lose the game!
You have escaped!

#.##.............#####..
#.###....#####.#.# #..
#.###.....####.#.# #..
#.#.()......##.#.# #..
#.#.#)....#.##.#.#####..
#...#.....#..#..........
#...#.....#..###..##.#..
#...#.....#..........#..
#...#..@..#...#.##.#.#..
#...#.....#.#..#.(#.....
#...#.....#...#.##.#.#.#
#...#.....#.#.#.##.#...#
#...#.....#.#..#..#....#
#...........#.#.##.#.#.#
##########..#######..#...[....#.#
............# ##...#.#####..#.#
...########.# ##........# #.##.#


There were no monsters in sight!

Vanquished Creatures
  A hound (D:2)
  An adder (D:2)
  A leopard gecko (D:1)
  A giant cockroach (D:1)
  6 goblins
  6 hobgoblins
  4 jackals (D:2)
  4 kobolds
  A quokka (D:2)
  3 bats
  6 rats
34 creatures vanquished.

Notes
Turn   | Place    | Note
-------+----------+-------------------------------------------
     0 | D:1      | Peloso the Demonspawn Fighter began the quest for the Orb.
     0 | D:1      | Reached XP level 1. HP: 18/18 MP: 1/1
    47 | D:1      | Gained mutation: You have large cloven feet. [demonic
                  | ancestry]
    47 | D:1      | Reached XP level 2. HP: 20/24 MP: 2/2
   612 | D:2      | Found an iron altar of Okawaru.
   618 | D:2      | Became a worshipper of Warmaster Okawaru
   668 | D:2      | Gained mutation: You have sharp fingernails. [demonic
                  | ancestry]
   668 | D:2      | Reached XP level 3. HP: 27/29 MP: 3/3
   761 | D:2      | Found a sparkling altar of Nemelex Xobeh.
   961 | D:2      | Found a shimmering altar of Xom.
  1029 | D:2      | Found a burning altar of Makhleb.
  1035 | D:2      | Reached XP level 4. HP: 33/35 MP: 4/4
  1761 | D:$      | Got out of the dungeon alive.

Levels and vault maps discovered:
D:1:      minmay_arrival_semitransparent, layout_loops_ring,
          minmay_small_reverse_x
D:2:      layout_rooms, marbit_many_paths, nicolae_overflow_crystal_walls,
          makhleb_heckhound_becter, nemelex_xobeh_ov_fountains_minmay,
          serial_co_window_serial, co_window_corner_a, co_window_paths_b,
          co_window_corner_a, co_window_corner_a, co_window_corner_a,
          co_window_of_opportunity_c, co_window_broadway_c, co_window_corner_cb,
          co_window_corner_b, co_window_paths_e
D:3:      layout_loops_ring, grunt_dithmenos_smoke, lightli_temple_of_fire,
          yredelemnul_altar_generic, first_ration, okawaru_trees_2, uniq_ijyb

Skill      XL: |  1  2 |
---------------+-------+-----
Armour         | 3 |  3.2
Long Blades    | 2 |  2.4
Shields        | 3 |  3.2
Fighting       | |  3.4
Dodging        | |  0.5
Stealth        | |  0.1

Action                   |  1- 3 |  4- 6 || total
-------------------------+-------+-------++-------
Melee: Long sword        |    57 |     2 ||    59
       Kick              |    12 |     1 ||    13
  Use: Potion            |     4 |       ||     4
  Eat: Ration            |       |     1 ||     1
Armor: Scale mail        |    25 |       ||    25
Dodge: Dodged            |    12 |       ||    12
Block: Shield            |    38 |     1 ||    39
       Rpst.: Long sword |     4 |       ||     4
